 Dungeon Crawl Stone Soup version 0.28-a0-384-g9e0c098162 (webtiles) character file.

Game seed: 3909307491836029924

114515 dolemite99 the Nimble (level 16, -7/132 HPs)
             Began as a Gnoll Gladiator on Sept 2, 2021.
             Was an Elder of Ashenzari.
             Killed by the raging water
             ... invoked by a water nymph
              (37 damage)
             ... on level 1 of the Shoals on Sept 3, 2021.
             The game lasted 01:28:38 (47723 turns).

dolemite99 the Nimble (Gnoll Gladiator)            Turns: 47723, Time: 01:28:38

Health: -7/132     AC: 22    Str: 16    XL:     16   Next: 66%
Magic:  0/33       EV: 19    Int: 10    God:    Ashenzari [****..]
Gold:   211        SH: 10    Dex: 16    Spells: 6/41 levels left

rFire   + . .      SeeInvis +   a - +3 demon trident (flame)
rCold   + . .      Faith    .   R - +2 buckler "Chained Urgency" {reflect, Fort, Melee} (curse)
rNeg    . . .      Spirit   +   E - +2 acid dragon scales
rPois   .          Reflect  +   c - +1 helmet "Bound Discomfort" {Self, Fort} (curse)
rElec   .          Harm     .   U - scarf {rC+ rF+}
rCorr   +          Rampage  .   e - +0 pair of gloves of Ouranomancy {Melee, Alch} (curse)
Will    ++...      Clarity  +   D - +0 pair of boots "Omniscient Disgust" {Alch, Evo} (curse)
Stlth   +++.......              r - amulet of the Fated Awkwardness {Spirit, Alch, Melee} (curse)
HPRegen 0.32/turn               I - ring "Oracle of the Cosmos" {Will+, Cun, Fort} (curse)
MPRegen 0.23/turn               G - +4 ring of protection

@: very slow
A: fangs 1, strong nose, distributed training
a: Renounce Religion, Curse Item, Shatter the Chains


You were on level 1 of the Shoals.
You worshipped Ashenzari.
Ashenzari was greatly pleased with you.
You visited 6 branches of the dungeon, and saw 26 of its levels.

You collected 2522 gold pieces.
You spent 2311 gold pieces at shops.

Inventory:

Hand Weapons
 a - a +3 demon trident of flaming (weapon)
 N - a +2 dagger of electrocution
Missiles
 d - 11 curare-tipped darts
 u - 13 boomerangs (quivered)
 y - 736 stones
 C - 140 sling bullets
 F - 67 poisoned darts
 L - 3 atropa-tipped darts
 Q - a throwing net
Armour
 c - the cursed +1 helmet "Bound Discomfort" (worn) {Self, Fort}

   It has a curse which improves the following skills: Introspection: Fighting
   and Spellcasting.
   Fortitude: Armour and Shields.
 e - the cursed +0 pair of gloves of Ouranomancy (worn) {Melee, Alch}
   (You found it on level 4 of the Dungeon)

   It has a curse which improves the following skills: Melee Combat: Short
   Blades, Long Blades, Axes, Maces & Flails, Polearms, Staves and Unarmed
   Combat.
   Alchemy:   Poison Magic and Transmutations.
 l - a +0 kite shield
 D - the cursed +0 pair of boots "Omniscient Disgust" (worn) {Alch, Evo}
   (You bought it in a shop on level 5 of the Dungeon)

   It has a curse which improves the following skills: Alchemy: Poison Magic and
   Transmutations.
   Evocations: Evocations.
 E - +2 acid dragon scales (worn)
 R - the cursed +2 buckler "Chained Urgency" (worn) {reflect, Fort, Melee}
   (You found it on level 3 of the Lair of Beasts)

   It has a curse which improves the following skills: Fortitude: Armour and
   Shields.
   Melee Combat: Short Blades, Long Blades, Axes, Maces & Flails, Polearms,
   Staves and Unarmed Combat.
 S - a +0 pair of gloves
 U - a scarf of resistance (worn)
Jewellery
 k - a ring of positive energy
 r - the cursed amulet of the Fated Awkwardness (around neck) {Spirit, Alch, Melee}
   (You found it on level 6 of the Dungeon)

   [amulet of guardian spirit]

   It causes incoming damage to be divided between your reserves of health and
   magic.
   It has a curse which improves the following skills: Alchemy: Poison Magic and
   Transmutations.
   Melee Combat: Short Blades, Long Blades, Axes, Maces & Flails, Polearms,
   Staves and Unarmed Combat.
 G - a +4 ring of protection (right hand)
 I - the cursed ring "Oracle of the Cosmos" (left hand) {Will+, Cun, Fort}
   (You found it on level 9 of the Dungeon)

   [ring of willpower]

   Will:      It increases your willpower.
   It has a curse which improves the following skills: Cunning: Dodging and
   Stealth.
   Fortitude: Armour and Shields.
 J - the ring "Peph" {rC+ Dex+3 SInv Stlth+}
   (You bought it in a shop on level 2 of the Orcish Mines)

   [ring of see invisible]

   Dex:       It affects your dexterity (+3).
   rC:        It protects you from cold.
   SInv:      It lets you see invisible.
   Stlth:     It makes you more stealthy.
 K - a +6 ring of intelligence
 T - the ring "Voteigihi" {rCorr Str+6 Int+3 Dex-4}
   (You acquired it on level 15 of the Dungeon)

   [ring of strength]

   Str:       It affects your strength (+6).
   Int:       It affects your intelligence (+3).
   Dex:       It affects your dexterity (-4).
   rCorr:     It protects you from acid and corrosion.
 Y - a +4 ring of slaying
Wands
 f - a wand of polymorph (9)
 M - a wand of flame (38)
 X - a wand of paralysis (13)
Scrolls
 m - 9 scrolls of teleportation
 q - 5 scrolls of fog
 t - 2 scrolls of silence
 v - a scroll of holy word
 A - 2 scrolls of amnesia
 O - 7 scrolls of blinking
 V - 3 scrolls of magic mapping
 W - 2 scrolls of fear
 Z - a scroll of enchant armour
Potions
 g - 2 potions of cancellation
 h - 6 potions of brilliance
 i - a potion of invisibility
 j - a potion of berserk rage
 n - 4 potions of mutation
 o - 3 potions of flight
 s - 2 potions of ambrosia
 x - a potion of curing
 z - a potion of resistance
 B - a potion of lignification
 H - 3 potions of haste
Miscellaneous
 P - a phial of floods


   Skills:
 + Level 11.8(13.8) Fighting
 + Level 11.0(15.2) Short Blades
 + Level 11.0(15.2) Long Blades
 + Level 11.0(15.2) Axes
 + Level 11.0(15.2) Maces & Flails
 + Level 11.0(15.2) Polearms
 + Level 12.5(16.6) Staves
 + Level 11.0 Slings
 + Level 11.0 Bows
 + Level 11.0 Crossbows
 + Level 11.8 Throwing
 + Level 11.0(15.2) Armour
 + Level 12.5(14.5) Dodging
 + Level 11.0(13.0) Stealth
 + Level 11.0(15.2) Shields
 + Level 11.0(15.2) Unarmed Combat
 + Level 11.0(13.0) Spellcasting
 + Level 9.3 Conjurations
 + Level 9.3 Hexes
 + Level 9.3 Summonings
 + Level 9.3 Necromancy
 + Level 9.3 Translocations
 + Level 9.3(13.6) Transmutations
 + Level 9.3 Fire Magic
 + Level 9.3 Ice Magic
 + Level 9.3 Air Magic
 + Level 9.3 Earth Magic
 + Level 9.3(13.6) Poison Magic
 + Level 11.9 Invocations
 + Level 11.0(13.0) Evocations


You had 6 spell levels left.
You knew the following spells:

 Your Spells              Type           Power      Damage    Failure   Level
a - Animate Armour        Summ/Erth      50%        N/A       2%          4
b - Poisonous Vapours     Pois/Air       58%        N/A       1%          2
c - Animate Dead          Necr           12%        N/A       2%          4
d - Mephitic Cloud        Conj/Pois/Air  28%        N/A       1%          3
e - Olgreb's Toxic Radia  Pois           33%        N/A       1%          4
f - Cause Fear            Hex            12%        N/A       2%          4
g - Dispel Undead         Necr           25%        3d12      2%          4
h - Lesser Beckoning      Tloc           25%        N/A       1%          3
i - Petrify               Tmut/Erth      29%        N/A       1%          4
v - Vampiric Draining     Necr           12%        2d7       1%          3

Your spell library contained the following spells:

 Spells                   Type           Power      Damage    Failure   Level
 Pain                     Necr           100%       1d9       1%          1
 Sting                    Tmut/Pois      100%       1d8       1%          1
 Corpse Rot               Necr/Air       N/A        N/A       1%          2
 Ensorcelled Hibernation  Hex/Ice        50%        N/A       1%          2
 Passwall                 Tmut/Erth      24%        N/A       1%          2
 Dazzling Flash           Conj/Hex       50%        N/A       1%          3
 Gell's Gravitas          Tloc           12%        N/A       1%          3
 Ignite Poison            Fire/Tmut/Pois 31%        N/A       1%          3
 Inner Flame              Hex/Fire       25%        N/A       1%          3
 Spider Form              Tmut/Pois      16%        N/A       1%          3
 Stone Arrow              Conj/Erth      50%        3d10      1%          3
 Swiftness                Air            25%        N/A       1%          3
 Teleport Other           Tloc           25%        N/A       1%          3
 Blade Hands              Tmut           16%        N/A       1%          5
 Iskenderun's Mystic Bla  Conj/Tloc      25%        2d7       2%          4
 Agony                    Necr           25%        N/A       8%          5
 Bolt of Magma            Conj/Fire/Erth 12%        4d8       8%          5
 Excruciating Wounds      Necr           12%        N/A       8%          5
 Silence                  Hex/Air        12%        N/A       8%          5
 Statue Form              Tmut/Erth      19%        N/A       17%         6
 Death Channel            Necr           12%        N/A       38%         6
 Invisibility             Hex            12%        N/A       38%         6
 Starburst                Conj/Fire      12%        6d5       38%         6
 Storm Form               Tmut/Air       14%        N/A       67%         7
 Discord                  Hex            12%        N/A       100%        8
 Lehudib's Crystal Spear  Conj/Erth      12%        10d4      100%        8
 Chain Lightning          Conj/Air       12%        3d16      100%        9
 Fire Storm               Conj/Fire      12%        8d3       100%        9


Dungeon Overview and Level Annotations

Branches:
Dungeon (15/15)            Temple (1/1) D:7            Lair (6/6) D:9
 Shoals (1/4) Lair:4        Snake (1/4) Lair:3        Slime (0/5) Lair:5
    Orc (2/2) D:11            Elf (0/3) Orc:2        Vaults (0/5) D:14
 Depths (0/5) D:15

Altars:
Ashenzari
Cheibriados
Dithmenos
Elyvilon
Fedhas
Gozag
Hepliaklqana
Kikubaaqudgha
Makhleb
Nemelex Xobeh
Okawaru
Qazlal
Ru
Sif Muna
Trog
Uskayaw
Vehumet
Wu Jian
Xom
Yredelemnul
Zin
The Shining One
Jiyva

Shops:
D:5 *   D:8 *(!!*   D:15 *   Orc:2 *[=(

Annotations:
D:2 exclusion: downstairs
D:3 Sigmund
D:4 1 runed translucent door, hatdisgam's ghost, amateur FoFi
Lair:5 1 runed translucent door, exclusion: downstairs


Innate Abilities, Weirdness & Mutations

You have very sharp teeth.
Your uncanny sense of smell can sniff out nearby items.
Your experience applies equally to all skills.


Message History

Aiming: Corrosive Bolt
Press: ? - help, Shift-Dir - straight line, f/p - water nymph
Aim: a water nymph (severely wounded, extremely poisoned, 67% to hit)
The bolt of acid hits the water nymph!
The acid corrodes the water nymph!
You kill the water nymph!
The water nymph looks as sick as possible!
Your toxic aura wanes.
That's the wrong kind of item! (Use * to select it.) Evoke which item? (* to show all) (? for menu, Esc to quit)
That's the wrong kind of item! (Use * to select it.) Evoke which item? (* to show all) (? for menu, Esc to quit)
Okay, then.
Aiming: Corrosive Bolt
Press: ? - help, Shift-Dir - straight line, f - water nymph
Aim: a water nymph (moderately wounded, very poisoned, 67% to hit)
The bolt of acid hits the water nymph!!
The water nymph is severely wounded.
Aiming: Corrosive Bolt
Press: ? - help, Shift-Dir - straight line, f/p - water nymph
Aim: a water nymph (severely wounded, very poisoned, 67% to hit)
The bolt of acid misses the water nymph.
The now-empty wand crumbles to dust.
The water nymph barely misses you.
Splash!
You fall into the shallow water.
Moving in this stuff is going to be slow.
The water nymph casts a spell at you. The water swirls and strikes you!!
* * * LOW HITPOINT WARNING * * *
You don't have any such object.
Evoke which item? (* to show all) (? for menu, Esc to quit)
That's the wrong kind of item! (Use * to select it.) Evoke which item? (* to show all) (? for menu, Esc to quit)
That's the wrong kind of item! (Use * to select it.) Evoke which item? (* to show all) (? for menu, Esc to quit)
Okay, then.
Your unstable footing causes you to fumble your attack.
You feel better. The water nymph casts a spell at you.
The water swirls and strikes you!!!
You die...

≈ * ≈≈≈ ≈≈ , , , ≈ * ≈≈ ≈≈
≈#≈≈........#.,,
≈≈≈.≈≈≈#≈≈≈≈≈........., , ≈ *
≈≈≈≈≈≈#≈#≈≈≈≈≈≈..≈≈≈≈≈ ≈ ≈≈
*≈≈≈≈m #≈≈≈≈≈≈≈≈..≈≈≈≈ ≈≈≈≈ ≈
*#m≈{##≈≈#≈≈≈≈≈≈≈≈≈≈≈≈ ≈ ≈
#≈≈{#≈....≈≈≈≈..≈≈≈≈≈ ≈≈ ≈
≈#≈≈≈#≈.#......m..≈≈≈≈≈≈≈≈≈
#≈≈≈#.....≈m≈@.≈≈≈≈≈≈≈≈≈≈≈ ≈
≈#≈##m##≈#.≈≈≈≈≈..≈≈≈≈≈≈≈≈≈≈≈≈ ≈
≈≈≈≈≈≈≈≈≈≈.≈≈≈≈..≈≈≈≈≈≈≈≈≈≈≈≈≈≈
≈≈#≈#≈#.#.≈≈≈†....≈≈≈≈≈≈≈≈≈≈≈≈≈
≈≈≈≈≈≈.≈≈≈≈.......≈≈≈.≈≈≈≈≈≈≈≈≈≈≈
≈≈≈≈≈≈.≈≈).......≈≈≈≈..≈≈≈≈≈≈≈≈≈≈
≈≈≈≈≈≈.≈≈........≈≈≈≈....≈≈≈≈≈≈≈
≈≈≈≈≈≈..................≈≈≈≈≈≈≈≈
≈≈≈≈≈≈..........≈≈≈..#..≈≈≈≈≈≈≈≈


You could see 2 water nymphs.

Vanquished Creatures
  An orc warlord (Orc:2)
  Josephine (D:12)
  An ettin (D:15)
  Erolcha (D:12)
  3 catoblepae (Lair:6)
  3 centaur warriors
  5 hydras
  7 boulder beetles
  Erica (Orc:1)
  5 two-headed ogres
  3 tengu warriors
  12 death yaks
  2 orc high priests (Orc:2)
  A hell knight (D:15)
  2 deep trolls (D:15)
  4 harpies (Shoals:1)
  2 wizards (D:15)
  3 orc knights (Orc:2)
  A harpy (shapeshifter) (D:14)
  A necromancer (D:14)
  6 orc sorcerers
  A deep elf pyromancer (D:11)
  10 manticores
  2 fauns (Shoals:1)
  2 cyclopes
  2 ugly things
  6 elephants
  A water nymph (Shoals:1)
  6 black mambas
  3 merfolk sirens
  A naga mage (Snake:1)
  2 centaur zombies (D:11)
  9 cane toads
  2 unseen horrors
  12 rime drakes
  20 komodo dragons
  An efreet (D:15)
  5 tengu conjurers
  8 trolls
  2 merfolk
  3 polar bears
  4 red devils (D:12)
  7 blink frogs
  8 dream sheep (Lair:6)
  7 slime creatures
  5 wraiths
  3 wyverns
  2 water elementals (Shoals:1)
  A shadow (D:13)
  56 yaks
  8 steam dragons
  7 basilisks
  9 vampire mosquitoes
  An acid dragon (D:10)
  3 nagas
  A warg (Orc:1)
  17 water moccasins
  27 orc warriors
  An ice beast (D:7)
  2 black bears
  2 sky beasts (D:5)
  8 ogres
  16 wolves
  4 centaurs
  4 phantoms
  4 kobold brigands
  A gnoll sergeant (D:6)
  15 bullfrogs
  A wyvern zombie (D:8)
  A scorpion (D:6)
  A water moccasin zombie (D:5)
  A water moccasin skeleton (D:4)
  A killer bee (Lair:3)
  11 wights
  4 howler monkeys
  3 electric eels (Lair:5)
  2 jellies
  3 hounds
  2 gnoll shamans
  28 orc priests
  A bullfrog skeleton (D:5)
  14 iguanas
  20 orc wizards
  A killer bee zombie (D:7)
  2 hound skeletons (D:4)
  7 adders
  12 gnolls
  A howler monkey skeleton (D:5)
  5 river rats (D:6)
  3 white imps
  2 ufetubi (D:5)
  An adder skeleton (D:4)
  5 worms
  6 dart slugs
  63 orcs
  5 ball pythons
  8 endoplasms
  A giant cockroach (D:1)
  11 goblins
  7 hobgoblins
  7 jackals
  4 quokkas (D:2)
  4 bats
  25 frilled lizards
  12 kobolds
  11 rats
  A spectral hobgoblin (D:2)
683 creatures vanquished.

Vanquished Creatures (collateral kills)
  3 hydras
  A catoblepas (Lair:6)
  2 two-headed ogres
  2 death yaks (Lair:6)
  An orc high priest (Orc:2)
  A tengu warrior (D:13)
  A wizard (D:15)
  A necromancer (D:14)
  A manticore (D:15)
  A cyclops (D:11)
  2 black mambas
  3 cane toads
  A gargoyle (D:11)
  A komodo dragon (D:11)
  2 rime drakes (Lair:3)
  A tengu conjurer (D:13)
  2 trolls
  2 merfolk
  A polar bear (Lair:5)
  2 dream sheep
  2 blink frogs
  3 slime creatures
  7 yaks
  A vampire mosquito (D:14)
  A steam dragon (Lair:4)
  A naga (Snake:1)
  3 water moccasins (Lair:5)
  An orc warrior (Orc:2)
  An ogre (Orc:2)
  6 wolves
  A bullfrog (Lair:5)
  An electric eel (Lair:4)
  An iguana (Lair:4)
  An orc (Orc:2)
  A butterfly (Lair:6)
62 creatures vanquished.

Vanquished Creatures (others)
  A manticore (D:14)
  A cyclops (D:15)
  A yak (Lair:5)
  A bullfrog (Lair:5)
  An electric eel (Lair:4)
  33 fungi
  161 plants
199 creatures vanquished.

Grand Total: 944 creatures vanquished

Notes
Turn   | Place    | Note
-------+----------+-------------------------------------------
     0 | D:1      | dolemite99 the Gnoll Gladiator began the quest for the Orb.
     0 | D:1      | Reached XP level 1. HP: 20/20 MP: 1/1
   272 | D:2      | Reached XP level 2. HP: 25/26 MP: 2/2
   999 | D:2      | Reached XP level 3. HP: 30/31 MP: 3/3
  1120 | D:2      | Found a faded altar of an unknown god.
  1290 | D:2      | Reached skill level 1 in Invocations
  1479 | D:2      | Reached skill level 1 in Short Blades
  1479 | D:2      | Reached skill level 1 in Long Blades
  1479 | D:2      | Reached skill level 1 in Axes
  1479 | D:2      | Reached skill level 1 in Maces & Flails
  1479 | D:2      | Reached skill level 1 in Polearms
  1479 | D:2      | Reached skill level 1 in Slings
  1479 | D:2      | Reached skill level 1 in Bows
  1479 | D:2      | Reached skill level 1 in Crossbows
  1479 | D:2      | Reached skill level 1 in Armour
  1479 | D:2      | Reached skill level 1 in Stealth
  1479 | D:2      | Reached skill level 1 in Shields
  1479 | D:2      | Reached skill level 1 in Unarmed Combat
  1479 | D:2      | Reached skill level 1 in Spellcasting
  1479 | D:2      | Reached skill level 1 in Evocations
  1479 | D:2      | Reached XP level 4. HP: 32/38 MP: 5/5
  1595 | D:2      | Found a glowing golden altar of the Shining One.
  2118 | D:3      | Found a shimmering altar of Xom.
  2183 | D:3      | Reached skill level 1 in Conjurations
  2183 | D:3      | Reached skill level 1 in Hexes
  2183 | D:3      | Reached skill level 1 in Summonings
  2183 | D:3      | Reached skill level 1 in Necromancy
  2183 | D:3      | Reached skill level 1 in Translocations
  2183 | D:3      | Reached skill level 1 in Transmutations
  2183 | D:3      | Reached skill level 1 in Fire Magic
  2183 | D:3      | Reached skill level 1 in Ice Magic
  2183 | D:3      | Reached skill level 1 in Air Magic
  2183 | D:3      | Reached skill level 1 in Earth Magic
  2183 | D:3      | Reached skill level 1 in Poison Magic
  3009 | D:3      | Noticed Sigmund
  3011 | D:3      | Reached XP level 5. HP: 37/43 MP: 6/6
  3410 | D:4      | Found a runed translucent door.
  3411 | D:4      | Noticed hatdisgam's ghost (amateur FoFi)
  4106 | D:4      | Noticed an ogre
  4113 | D:4      | Killed an ogre
  4114 | D:4      | Reached XP level 6. HP: 50/50 MP: 8/8
  4390 | D:4      | Reached skill level 5 in Fighting
  4390 | D:4      | Reached skill level 5 in Throwing
  5189 | D:4      | Found a bloodstained altar of Trog.
  5285 | D:4      | Found a white marble altar of Elyvilon.
  5285 | D:4      | Found a broken altar of Ashenzari.
  5286 | D:4      | Found a blossoming altar of Fedhas.
  5404 | D:4      | Became a worshipper of Ashenzari the Shackled
  5514 | D:5      | Entered Level 5 of the Dungeon
  5574 | D:5      | Reached XP level 7. HP: 49/56 MP: 10/10
  6394 | D:5      | Reached XP level 8. HP: 62/63 MP: 12/12
  6871 | D:5      | Identified a scroll of acquirement
  6885 | D:5      | Acquired the Grimoire of Moulding and Black Rituals
  6892 | D:5      | Learned a level 4 spell: Animate Dead
  7239 | D:5      | Found Dillaidutre's General Store.
  9219 | D:6      | Reached XP level 9. HP: 57/69 MP: 12/14
  9979 | D:7      | Noticed a troll
  9984 | D:7      | Reached skill level 5 in Short Blades
  9984 | D:7      | Reached skill level 5 in Long Blades
  9984 | D:7      | Reached skill level 5 in Axes
  9984 | D:7      | Reached skill level 5 in Maces & Flails
  9984 | D:7      | Reached skill level 5 in Polearms
  9984 | D:7      | Reached skill level 5 in Slings
  9984 | D:7      | Reached skill level 5 in Bows
  9984 | D:7      | Reached skill level 5 in Crossbows
  9984 | D:7      | Reached skill level 5 in Armour
  9984 | D:7      | Reached skill level 5 in Stealth
  9984 | D:7      | Reached skill level 5 in Shields
  9984 | D:7      | Reached skill level 5 in Unarmed Combat
  9984 | D:7      | Reached skill level 5 in Spellcasting
  9984 | D:7      | Reached skill level 5 in Evocations
  9984 | D:7      | Reached XP level 10. HP: 59/79 MP: 13/18
 10357 | D:7      | Reached * piety under Ashenzari
 10374 | D:7      | Found a staircase to the Ecumenical Temple.
 10384 | D:7      | Noticed a two-headed ogre
 10408 | D:7      | Killed a two-headed ogre
 10409 | D:7      | Reached skill level 5 in Conjurations
 10409 | D:7      | Reached skill level 5 in Hexes
 10409 | D:7      | Reached skill level 5 in Summonings
 10409 | D:7      | Reached skill level 5 in Necromancy
 10409 | D:7      | Reached skill level 5 in Translocations
 10409 | D:7      | Reached skill level 5 in Transmutations
 10409 | D:7      | Reached skill level 5 in Fire Magic
 10409 | D:7      | Reached skill level 5 in Ice Magic
 10409 | D:7      | Reached skill level 5 in Air Magic
 10409 | D:7      | Reached skill level 5 in Earth Magic
 10409 | D:7      | Reached skill level 5 in Poison Magic
 10860 | Temple   | Entered the Ecumenical Temple
 11520 | D:5      | Bought a +0 pair of boots for 54 gold pieces
 11532 | D:5      | Bought a wand of iceblast (7) for 132 gold pieces
 11533 | D:5      | Reached ** piety under Ashenzari
 11738 | D:8      | Found Plog's Distillery.
 11747 | D:8      | Bought a potion of curing for 39 gold pieces
 11747 | D:8      | Bought a potion of berserk rage for 65 gold pieces
 11757 | D:8      | Found Buudi's Distillery.
 12647 | D:8      | Found Gugu's General Store.
 12686 | D:8      | Noticed an unseen horror
 12720 | D:8      | Bought a scroll of teleportation for 36 gold pieces
 12720 | D:8      | Bought a potion of might for 48 gold pieces
 12930 | D:8      | Killed an unseen horror
 12931 | D:8      | Reached XP level 11. HP: 78/89 MP: 19/22
 13069 | D:8      | Found a shimmering blue altar of Sif Muna.
 13133 | D:8      | Found a glowing silver altar of Zin.
 13312 | D:8      | Found Ukyoskem's Assorted Antiques.
 13440 | D:8      | Found Uwoetei's Weapon Shop.
 13804 | D:9      | Found a staircase to the Lair.
 14078 | D:9      | Noticed a two-headed ogre
 14090 | D:9      | Killed a two-headed ogre
 15042 | D:10     | Entered Level 10 of the Dungeon
 15107 | D:8      | Bought a scroll labelled VUFAOD ZIREUNEYCW for 23 gold
                  | pieces
 15129 | D:8      | Bought a potion of lignification for 33 gold pieces
 15181 | D:10     | Learned a level 2 spell: Poisonous Vapours
 15185 | D:10     | Learned a level 3 spell: Mephitic Cloud
 16397 | D:11     | Noticed a boulder beetle
 16416 | D:11     | Killed a boulder beetle
 16426 | D:11     | Noticed a manticore
 16453 | D:11     | Killed a manticore
 16869 | D:11     | Learned a level 3 spell: Lesser Beckoning
 17123 | D:11     | Noticed a cyclops
 17123 | D:11     | Noticed a two-headed ogre
 17139 | D:11     | Killed a two-headed ogre
 17140 | D:11     | Reached XP level 12. HP: 97/97 MP: 24/24
 17224 | D:11     | You fall into a shaft and drop 3 floors!
 17338 | D:13     | Reached *** piety under Ashenzari
 17431 | D:12     | Noticed Sonja
 17431 | D:12     | Noticed a centaur warrior
 17436 | D:11     | Noticed Sonja
 17436 | D:11     | Sonja changed into Sonja the basilisk
 17448 | D:11     | Killed Sonja the basilisk
 18020 | D:11     | Noticed a boulder beetle
 18031 | D:11     | Killed a boulder beetle
 18032 | D:11     | Reached skill level 10 in Staves
 18032 | D:11     | Reached skill level 10 in Dodging
 18340 | D:11     | Found a staircase to the Orcish Mines.
 18776 | Lair:1   | Entered Level 1 of the Lair of Beasts
 18998 | D:9      | Identified the cursed scarf of the Mantic Sybil {repulsion,
                  | Self, Melee} (You found it on level 4 of the Dungeon)
 18998 | D:9      | Identified the cursed +1 helmet "Bound Discomfort" {Self,
                  | Fort}
 19231 | D:8      | Bought a wand of iceblast (8) for 144 gold pieces
 19390 | Lair:1   | Reached **** piety under Ashenzari
 19495 | Lair:1   | Noticed a boulder beetle
 19512 | Lair:1   | Killed a boulder beetle
 19756 | Lair:1   | Noticed a seven-headed hydra
 19769 | Lair:1   | Killed a seven-headed hydra
 19788 | Lair:1   | Noticed a five-headed hydra
 19917 | Lair:1   | Killed a five-headed hydra
 20629 | Lair:2   | Reached XP level 13. HP: 109/109 MP: 28/28
 20707 | Lair:2   | Identified Magic in Simple Steps
 22690 | D:8      | Bought a potion of magic for 104 gold pieces
 22690 | D:8      | Bought a potion of curing for 39 gold pieces
 22690 | D:8      | Bought a potion of curing for 39 gold pieces
 22690 | D:8      | Bought a potion of curing for 39 gold pieces
 23175 | Lair:3   | Learned a level 4 spell: Olgreb's Toxic Radiance
 23187 | Lair:3   | Learned a level 4 spell: Petrify
 23192 | Lair:3   | Learned a level 4 spell: Dispel Undead
 23197 | Lair:3   | Learned a level 4 spell: Animate Armour
 23304 | Lair:3   | Found a staircase to the Snake Pit.
 24225 | Lair:4   | Upgraded the game from 0.28-a0-381-g937acc2988 to
                  | 0.28-a0-384-g9e0c098162
 25748 | Lair:4   | Found a staircase to the Shoals.
 25936 | Lair:4   | Reached skill level 10 in Fighting
 25936 | Lair:4   | Reached skill level 10 in Throwing
 26828 | Lair:4   | Reached XP level 14. HP: 118/118 MP: 26/30
 27952 | Lair:5   | Found a runed translucent door.
 27953 | Lair:5   | Found a viscous altar of Jiyva.
 27962 | Lair:5   | Found a staircase to the Slime Pits.
 28208 | Lair:5   | Reached skill level 10 in Invocations
 29488 | Lair:6   | Entered Level 6 of the Lair of Beasts
 31482 | Lair:6   | Noticed Nessos
 31915 | Lair:6   | Noticed Nessos
 31915 | Lair:6   | Nessos changed into Nessos the dream sheep
 31928 | Lair:6   | Killed Nessos the dream sheep
 32512 | Lair:6   | Learned a level 3 spell: Vampiric Draining
 32887 | Lair:6   | Reached XP level 15. HP: 110/125 MP: 24/32
 34112 | Lair:6   | Reached skill level 10 in Short Blades
 34112 | Lair:6   | Reached skill level 10 in Long Blades
 34112 | Lair:6   | Reached skill level 10 in Axes
 34112 | Lair:6   | Reached skill level 10 in Maces & Flails
 34112 | Lair:6   | Reached skill level 10 in Polearms
 34112 | Lair:6   | Reached skill level 10 in Slings
 34112 | Lair:6   | Reached skill level 10 in Bows
 34112 | Lair:6   | Reached skill level 10 in Crossbows
 34112 | Lair:6   | Reached skill level 10 in Armour
 34112 | Lair:6   | Reached skill level 10 in Stealth
 34112 | Lair:6   | Reached skill level 10 in Shields
 34112 | Lair:6   | Reached skill level 10 in Unarmed Combat
 34112 | Lair:6   | Reached skill level 10 in Spellcasting
 34112 | Lair:6   | Reached skill level 10 in Evocations
 35408 | D:5      | Bought a scroll of brand weapon for 240 gold pieces
 35625 | Orc:1    | Entered Level 1 of the Orcish Mines
 36203 | Orc:2    | Entered Level 2 of the Orcish Mines
 36396 | Orc:1    | Noticed Erica
 36411 | Orc:1    | Killed Erica
 36960 | Orc:2    | Found an iron altar of Okawaru.
 37356 | Orc:2    | Found a staircase to the Elven Halls.
 38639 | Orc:2    | Noticed an orc warlord
 38705 | Orc:2    | Killed an orc warlord
 40807 | Orc:2    | Found Luval's Antique Armour Shop.
 40808 | Orc:2    | Found Byej's Antique Weapon Boutique.
 40809 | Orc:2    | Found Wyfroet's General Store.
 40809 | Orc:2    | Found Mungal's Jewellery Shop.
 41004 | Orc:2    | Bought a +4 ring of protection for 504 gold pieces
 41010 | Orc:2    | Bought the ring "Peph" {rC+ Dex+3 SInv Stlth+} for 533 gold
                  | pieces
 41195 | D:8      | Bought a potion of invisibility for 104 gold pieces
 41301 | D:12     | Noticed Erolcha
 41312 | D:12     | Killed Erolcha
 42468 | D:12     | Noticed Josephine
 42484 | D:12     | Killed Josephine
 42764 | D:13     | Reached XP level 16. HP: 131/131 MP: 32/32
 44326 | D:14     | Found a gate to the Vaults.
 44755 | D:15     | Entered Level 15 of the Dungeon
 44756 | D:15     | Acquired the ring "Voteigihi" {rCorr Str+6 Int+3 Dex-4}
 45482 | D:15     | Found a staircase to the Depths.
 46039 | D:15     | Found an opulent altar of Gozag.
 46061 | D:15     | Found Gozag's Platinum Reserve.
 46482 | D:15     | Learned a level 4 spell: Cause Fear
 46720 | Snake:1  | Entered Level 1 of the Snake Pit
 46998 | Orc:2    | Bought a kite shield for 135 gold pieces
 47244 | Shoals:1 | Entered Level 1 of the Shoals
 47723 | Shoals:1 | Killed from afar by a water nymph

Illustrated notes

Levels and vault maps discovered:
D:1:      sevenhm_arrival_forest_fort_small_6, layout_basic, minmay_tripent
D:2:      layout_loops_cross, dreamdust_ecumenical_altar_drowned_temple,
          basic_altar
D:3:      layout_basic, mainiacjoe_overflow_small_starburst, uniq_sigmund
D:4:      layout_loops_cross, minitemple, mainiacjoe_overflow_six_doors_small,
          ebering_ghost_sewer_d
D:5:      layout_gridville, serial_shops, shop, hellmonk_bongcloud_opening
D:6:      layout_rooms, lightli_sewer_entry_pipes
D:7:      layout_rooms, minmay_temple_entry_sparse_star
D:8:      layout_cave_pools, tgw_sif, mainiacjoe_overflow_concentric_impassable,
          serial_shops, nicolae_inconvenience_store,
          nicolae_shop_competitors_out_of_business, nicolae_lakefront_shop,
          nicolae_lakefront_shop, nicolae_shop_trees, serial_column_ruins,
          column_ruins_square_medium, column_ruins_hut, column_ruins_grid_1,
          column_ruins_open_small, column_ruins_columns_straight,
          column_ruins_open_small, column_ruins_open_small, grunt_ogre_cave,
          grunt_ministairs_1, amcnicky_mini_corridor_feature,
          minmay_misc_feat_square
D:9:      layout_long_grid, david_lair_shrubbed, enter_bailey_5,
          blue_anna_alchemist
D:10:     layout_gridville
D:11:     layout_loops_cross, orc_0_dummy, minmay_bent
D:12:     layout_cave_pools, gauntlet_entry_generic,
          chequers_serial_rivers_micro_d, minivault_26,
          einodemon_armed_red_devil_minivault, uniq_erolcha, uniq_josephine,
          uniq_sonja
D:13:     layout_loops_ring
D:14:     layout_irregular_city, david_vaults_1, chequers_serial_rivers_marsh
D:15:     hangedman_depths_entry_civil_slaughter, layout_loops_ring,
          nicolae_gozag_zags_fifth_avenue, st_stairs_3, wad_floor_pattern_1
Temple:   regret_index_temple_waves
Lair:1:   layout_hall_layers, serial_bayou_lagoon_a, infiniplex_staircase_pool_2
Lair:2:   layout_gridlike
Lair:3:   layout_gridlike, minmay_snake_entry_guardpost_small,
          bobbens_dragon_lair_wall
Lair:4:   lemuel_reptile_caves, layout_gridlike, elwin_shoals_entry_stream,
          grunt_megastairs_3
Lair:5:   layout_roguey, slime_altar_2, grunt_megastairs_5, lemuel_fruit_tree,
          serial_bayou_shore_a
Lair:6:   evilmike_catoblepas_cave, layout_gridlike,
          chequers_serial_rivers_marsh, serial_bayou_pond_b, grunt_megastairs_4,
          infiniplex_staircase_pool, lemuel_fruit_fields, uniq_nessos
Shoals:1: layout_shoals, nicolae_shoals_nautilus_by_nature,
          nicolae_shoals_spring_well_temple
Snake:1:  gammafunk_its_a_trap, layout_basic, nicolae_snake_double_loop,
          serial_bayou_shore_b
Orc:1:    layout_caves, uniq_erica
Orc:2:    st_orc_congregation, layout_diamond_mine, okawaru_metal_pillars_3

Skill      XL: |  1  2  3  4  5  6  7  8  9 10 11 12 13 14 15 16 |
---------------+-------------------------------------------------+-----
Invocations    | 1 2 3 4 6 7 8 9 10 11 | 11.9
Short Blades   | 1 2 3 5 6 7 8 9 10 11 | 11.0
Long Blades    | 1 2 3 5 6 7 8 9 10 11 | 11.0
Axes           | 1 2 3 5 6 7 8 9 10 11 | 11.0
Maces & Flails | 1 2 3 5 6 7 8 9 10 11 | 11.0
Polearms       | 1 2 3 5 6 7 8 9 10 11 | 11.0
Slings         | 1 2 3 5 6 7 8 9 10 11 | 11.0
Bows           | 1 2 3 5 6 7 8 9 10 11 | 11.0
Crossbows      | 1 2 3 5 6 7 8 9 10 11 | 11.0
Armour         | 1 2 3 5 6 7 8 9 10 11 | 11.0
Stealth        | 1 2 3 5 6 7 8 9 10 11 | 11.0
Shields        | 1 2 3 5 6 7 8 9 10 11 | 11.0
Unarmed Combat | 1 2 3 5 6 7 8 9 10 11 | 11.0
Spellcasting   | 1 2 3 5 6 7 8 9 10 11 | 11.0
Evocations     | 1 2 3 5 6 7 8 9 10 11 | 11.0
Conjurations   | 1 2 3 4 5 6 7 8 9 |  9.3
Hexes          | 1 2 3 4 5 6 7 8 9 |  9.3
Summonings     | 1 2 3 4 5 6 7 8 9 |  9.3
Necromancy     | 1 2 3 4 5 6 7 8 9 |  9.3
Translocations | 1 2 3 4 5 6 7 8 9 |  9.3
Transmutations | 1 2 3 4 5 6 7 8 9 |  9.3
Fire Magic     | 1 2 3 4 5 6 7 8 9 |  9.3
Ice Magic      | 1 2 3 4 5 6 7 8 9 |  9.3
Air Magic      | 1 2 3 4 5 6 7 8 9 |  9.3
Earth Magic    | 1 2 3 4 5 6 7 8 9 |  9.3
Poison Magic   | 1 2 3 4 5 6 7 8 9 |  9.3
Fighting       | 5 6 7 8 9 10 11 | 11.8
Throwing       | 5 6 7 8 9 10 11 | 11.8
Staves         | 7 8 9 10 11 12 | 12.5
Dodging        | 7 8 9 10 11 12 | 12.5

Action                   |  1- 3 |  4- 6 |  7- 9 | 10-12 | 13-15 | 16-18 || total
-------------------------+-------+-------+-------+-------+-------+-------++-------
Melee: Quarterstaff      |    46 |       |    49 |     9 |       |       ||   104
       Bite              |     9 |    16 |    32 |    47 |   143 |    39 ||   286
       Dagger            |    86 |   189 |   269 |   345 |   325 |       ||  1214
       Punch             |       |       |     2 |    21 |       |       ||    23
       Lajatang          |       |       |       |    31 |   233 |       ||   264
       Demon trident     |       |       |       |       |   578 |   254 ||   832
 Fire: Shortbow          |       |       |    81 |   301 |    24 |       ||   406
Throw: Stone             |       |     3 |       |     5 |       |       ||     8
       Throwing net      |       |     3 |       |     3 |       |       ||     6
       Boomerang         |       |       |       |    89 |    71 |     7 ||   167
       Dart              |       |       |       |    25 |   281 |     1 ||   307
 Cast: Poisonous Vapours |       |       |       |    36 |   518 |   100 ||   654
       Animate Dead      |       |       |       |       |    78 |    17 ||    95
       Mephitic Cloud    |       |       |       |       |    45 |     6 ||    51
       Animate Armour    |       |       |       |       |    44 |    16 ||    60
       Vampiric Draining |       |       |       |       |     6 |    13 ||    19
       Olgreb's Toxic Ra |       |       |       |       |       |     6 ||     6
       Petrify           |       |       |       |       |       |     3 ||     3
Invok: Curse Item        |       |       |     1 |     5 |     2 |       ||     8
       Shatter the Chain |       |       |       |       |     2 |       ||     2
Evoke: Wand              |       |       |       |    24 |    20 |    33 ||    77
       Phial of floods   |       |       |       |       |     4 |     1 ||     5
  Use: Scroll            |       |     7 |     2 |     2 |    10 |     3 ||    24
       Potion            |       |     6 |     4 |     6 |    10 |     3 ||    29
 Stab: Confused          |       |       |       |       |    15 |       ||    15
       Distracted        |       |       |       |       |     5 |     1 ||     6
       Sleeping          |       |       |       |       |     3 |       ||     3
       Paralysed         |       |       |       |       |       |     2 ||     2
Armor: Chain mail        |    82 |    77 |   177 |   100 |    98 |       ||   534
       Leather armour    |     1 |       |       |       |       |       ||     1
       Skin              |       |    22 |     3 |    19 |       |       ||    44
       Plate armour      |       |       |       |   197 |       |       ||   197
       Acid dragon scale |       |       |       |       |   247 |    97 ||   344
Dodge: Dodged            |    47 |    81 |   125 |   241 |   786 |   165 ||  1445
       Repelled          |       |       |     4 |     4 |    18 |       ||    26
Block: Buckler           |       |       |       |       |   410 |   133 ||   543
       Reflection        |       |       |       |       |     5 |     9 ||    14

Table legend: (Time is in decaauts)
 A = Elapsed time spent in this place.
 B = Non-inter-level travel time spent in this place.
 C = Inter-level travel time spent in this place.
 D = Time resting spent in this place.
 E = Time spent auto-exploring this place.
 F = Levels seen in this place.
 G = Mean time per level.
                   A        B        C        D        E       F      G
               +--------+--------+--------+--------+--------+-----+--------+
         Total |  46964 |  43743 |   3221 |  15216 |  19002 |  26 | 1806.3 |
       Dungeon |  25056 |  23127 |   1929 |   9024 |   9436 |  15 | 1670.4 |
        Temple |    134 |     77 |     57 |      0 |     64 |   1 |  134.0 |
          Lair |  15738 |  14793 |    945 |   5117 |   6320 |   6 | 2623.0 |
        Shoals |    471 |    471 |      0 |    137 |    193 |   1 |  471.0 |
     Snake Pit |     52 |     52 |      0 |     26 |      0 |   1 |   52.0 |
  Orcish Mines |   5509 |   5222 |    287 |    912 |   2988 |   2 | 2754.5 |
               +--------+--------+--------+--------+--------+-----+--------+

Top non-repeatable levels by time:
   Orc:2: 4751 daAuts
  Lair:4: 3737 daAuts
  Lair:5: 3616 daAuts
  Lair:6: 3427 daAuts
    D:11: 2640 daAuts
     D:5: 2568 daAuts
     D:6: 2144 daAuts
     D:4: 2110 daAuts
     D:9: 2086 daAuts
  Lair:2: 2086 daAuts
     D:8: 1978 daAuts
  Lair:3: 1776 daAuts
    D:15: 1737 daAuts
     D:7: 1690 daAuts
    D:10: 1466 daAuts
